 Dungeon Crawl Stone Soup version 0.22-a0-565-gfc6459a (webtiles) character file.

42 Alabard the Skirmisher (level 3, 0/36 HPs)
             Began as a Draconian Transmuter on June 28, 2018.
             Succumbed to an adder's poison
             ... on level 2 of the Dungeon.
             The game lasted 00:02:00 (782 turns).

Alabard the Skirmisher (Draconian Transmuter)        Turns: 782, Time: 00:02:01

Health: 0/36       AC:  6    Str: 10 (12) XL:     3   Next: 33%
Magic:  5/9        EV: 13    Int: 12 (14) God:
Gold:   49         SH:  0    Dex:  8 (11) Spells: 10/11 levels left

rFire    + . .     SeeInvis .     - Unarmed
rCold    + . .     Gourm    .   (no shield)
rNeg     . . .     Faith    .   (armour unavailable)
rPois    +         Spirit   .   (helmet restricted)
rElec    +         Reflect  .   (no cloak)
rCorr    +         Harm     .   (no gloves)
MR       .....                  d - +0 pair of boots (curse)
Stlth    +.........             (no amulet)
HPRegen  0.12/turn              (no ring)
MPRegen  0.11/turn              (no ring)

@: lethally poisoned (0 -> -6), resistant, very slightly contaminated, hasted,
very quick
A: unfitting armour, cold-blooded, AC +5
a: no special abilities


You were on level 2 of the Dungeon.
You were not hungry.

You visited 1 branch of the dungeon, and saw 2 of its levels.

You collected 49 gold pieces.

Inventory:

Missiles
 a - 29 arrows
Armour
 d - a cursed +0 pair of boots (worn)
Scrolls
 b - a scroll of enchant armour {unknown}
 e - a scroll of remove curse {unknown}
 j - a scroll of random uselessness {unknown}
Comestibles
 c - 2 rations


   Skills:
 + Level 5.1 Fighting
 + Level 4.5 Dodging
 - Level 3.0 Unarmed Combat
 + Level 4.6 Spellcasting
 + Level 5.0 Transmutations


You had 10 spell levels left.
You knew the following spells:

 Your Spells              Type           Power        Failure   Level  Hunger
a - Beastly Appendage     Tmut           ###...       2%          1    None

Your spell library contained the following spells:

 Spells                   Type           Power        Failure   Level  Hunger
 Spider Form              Tmut/Pois      #.........   22%         3    ###....
 Blade Hands              Tmut           ###.......   56%         5    ######.
 Ice Form                 Ice/Tmut       #.......     58%         4    ####...
 Sticks to Snakes         Tmut           ###.....     3%          2    ##.....


Dungeon Overview and Level Annotations

Branches:
Dungeon (2/15)

Altars:


Innate Abilities, Weirdness & Mutations

Your plain brown scales are hard. (AC +5)
You cannot fit into any form of body armour.
You are cold-blooded and may be slowed by cold attacks.


Message History

You hit the adder but do no damage.
Your tail-slap misses the adder.
The adder is heavily wounded.
* * * LOW HITPOINT WARNING * * *
You feel sick. The adder misses you.
You miss the adder.
The adder is heavily wounded.
The adder misses you.
Casting: Beastly Appendage (safe; 2% risk of failure)
Confirm with . or Enter, or press ? or * to list all spells.
You miscast Beastly Appendage.
You are very lightly contaminated with residual magic.
Nothing appears to happen.
* * * LOW HITPOINT WARNING * * *
You feel sick. The adder closely misses you.
You hit the adder but do no damage.
The adder is heavily wounded.
The adder bites you but does no damage.
You hit the adder.
The adder is severely wounded.
You die...

##########.#
#....@S....#
#.#######..#
#.# #.# #.#
#.# #.# #.#
#.#


You could see an adder.

Vanquished Creatures
  A giant cockroach (D:1)
  2 hobgoblins (D:1)
  3 kobolds (D:1)
  6 bats (D:1)
  2 rats (D:1)
14 creatures vanquished.

Notes
Turn   | Place    | Note
-------+----------+-------------------------------------------
     0 | D:1      | Alabard the Draconian Transmuter began the quest for the Orb.
     0 | D:1      | Reached XP level 1. HP: 16/16 MP: 3/3
   265 | D:1      | Reached XP level 2. HP: 23/23 MP: 3/5
   771 | D:2      | Reached skill level 5 in Fighting
   771 | D:2      | Reached skill level 5 in Transmutations
   771 | D:2      | Reached XP level 3. HP: 7/36 MP: 6/9
   780 | D:2      | HP: 1/36 [poisoned by an adder]
   782 | D:2      | Succumbed to an adder's poison

Vault maps used:
D:1:      kennysheep_arrival_forest
D:2:      lemuel_doored_altar

Skill      XL: |  1  2 |
---------------+-------+-----
Dodging        | 2 4 |  4.5
Fighting       | 5 |  5.1
Spellcasting   | 4 |  4.6
Transmutations | 5 |  5.0
Unarmed Combat | |  3.0

Action                   || total
-------------------------++-------
Melee: Unarmed           ||    72
       Headbutt          ||     2
       Tailslap          ||     3
 Cast: Beastly Appendage ||    13
  Use: Potion            ||     4
Armor: Skin              ||    36
Dodge: Dodged            ||    79

Table legend:
 A = Spawn XP
 B = Non-spawn XP
 C = Spawn XP percentage of total XP
 D = Spawn monster count
 E = Non-spawn monster count
 F = Spawn count percentage of total count
 G = Total turns spent on level
                    A         B        C        D         E        F      G
               +---------+---------+-------+---------+---------+-------+---------
         Total |       0 |      22 |   0.0 |       0 |      14 |   0.0 |   782
               +---------+---------+-------+---------+---------+-------+---------
           D:1 |       0 |      22 |   0.0 |       0 |      14 |   0.0 |   747
               +---------+---------+-------+---------+---------+-------+---------
